 Dungeon Crawl Stone Soup version 0.24-a0-504-gcfb02b9d07 (webtiles) character file.

Game seed: 22533968372492132

17585 Pixllover the Severer (level 12, 0/162 HPs)
             Began as a Minotaur Berserker on July 6, 2019.
             Was a High Priest of Trog.
             Slain by a tyrant leech (9 damage)
             ... on level 2 of the Lair of Beasts on July 16, 2019.
             The game lasted 00:43:06 (10557 turns).

Pixllover the Severer (Minotaur Berserker)         Turns: 10557, Time: 00:43:07

Health: 0/162      AC: 19    Str: 34    XL:     12   Next: 20%
Magic:  11/11      EV: 10    Int:  4    God:    Trog [*****.]
Gold:   593        SH:  0    Dex: 10    Spells: 11/11 levels left

rFire    + . .     SeeInvis .   x - +3 battleaxe (chop)
rCold    . . .     Gourm    .   (shield currently unavailable)
rNeg     . . .     Faith    .   g - +0 plate armour
rPois    .         Spirit   .   (helmet restricted)
rElec    .         Reflect  .   e - +0 cloak
rCorr    .         Harm     .   r - +1 pair of gloves
MR       +....                  (no boots)
Stlth    ..........             (no amulet)
HPRegen  0.37/turn              l - ring of protection from magic
MPRegen  0.12/turn              b - ring of protection from fire

@: berserking (expiring), slow
A: retaliatory headbutt, horns 2, mutation resistance 1, strong 1, subdued magic
1
a: Berserk, Trog's Hand, Brothers in Arms, Renounce Religion


You were on level 2 of the Lair of Beasts.
You worshipped Trog.
Trog was extremely pleased with you.
You were very hungry.

You visited 2 branches of the dungeon, and saw 12 of its levels.
You also visited: Ossuary.

You collected 733 gold pieces.
You spent 140 gold pieces at shops.

Inventory:

Hand Weapons
 x - a +3 battleaxe of chopping (weapon)
 J - a +0 war axe
 L - a +0 war axe of electrocution
Missiles
 f - 21 poisoned darts (quivered)
 G - 4 boomerangs
 I - 4 atropa-tipped darts
 N - 5 silver javelins
Armour
 e - a +0 cloak (worn)
 g - a +0 plate armour (worn)
 r - a +1 pair of gloves (worn)
Jewellery
 b - a ring of protection from fire (right hand)
 l - a ring of protection from magic (left hand)
 O - a +6 ring of strength
Wands
 a - a wand of flame (21)
 d - a wand of paralysis (16)
 j - a wand of disintegration (27)
 y - a wand of scattershot (5)
 z - a wand of acid (8)
 C - a wand of clouds (5)
 D - a wand of iceblast (3)
 K - a wand of digging (4)
Scrolls
 h - 3 scrolls of magic mapping
 i - 2 scrolls of blinking
 p - 5 scrolls of remove curse
 u - 2 scrolls of identify
 v - 4 scrolls of teleportation
 w - 2 scrolls of fear
 B - a scroll of enchant armour
 E - a scroll of vulnerability {unknown}
 F - a scroll of torment
 P - a scroll of immolation {unknown}
Potions
 k - 3 potions of lignification
 m - 7 potions of curing
 n - 3 potions of haste
 o - a potion of magic {unknown}
 q - a potion of agility
 s - 3 potions of might
 t - a potion of brilliance {unknown}
 A - 3 potions of resistance
 H - a potion of ambrosia
Comestibles
 c - 16 rations
 Q - 5 chunks of flesh


   Skills:
 + Level 10.8 Fighting
 + Level 16.6 Axes
 + Level 3.2 Throwing
 + Level 11.8 Armour
 + Level 4.0 Dodging
 + Level 1.3 Stealth


You had 11 spell levels left.
You didn't know any spells.
Your spell library was empty.

Dungeon Overview and Level Annotations

Branches:
Dungeon (10/15)            Temple (0/1) D:6            Lair (2/6) D:10
  Swamp: Lair:2-4    Shoals: Lair:2-4     Snake: Lair:2-4    Spider: Lair:2-4
    Orc: D:9-12

Altars:
Cheibriados
Fedhas
Hepliaklqana
Qazlal
Ru
Sif Muna
Vehumet
Wu Jian
Yredelemnul

Shops:
D:4 =   D:6 !   D:10 %


Innate Abilities, Weirdness & Mutations

You reflexively headbutt those who attack you in melee.
You have a pair of horns on your head.
You are somewhat resistant to further mutation.
Your muscles are strong. (Str +2)
Your spells are a little easier to cast, but a little less powerful.


Message History

The tyrant leech is heavily wounded.
You slash the tyrant leech!
The tyrant leech is severely wounded.
The tyrant leech bites you!
* * * LOW HITPOINT WARNING * * *
The tyrant leech draws strength from your injuries!
Your unstable footing causes you to fumble your attack.
You closely miss the tyrant leech. Your headbutt misses the tyrant leech.
The tyrant leech is heavily wounded.
The tyrant leech bites you but does no damage.
Your unstable footing causes you to fumble your attack.
Your unstable footing causes you to fumble your attack.
The tyrant leech bites you!
* * * LOW HITPOINT WARNING * * *
The tyrant leech draws strength from your injuries!
Your unstable footing causes you to fumble your attack.
You slice the tyrant leech!!
The tyrant leech is almost dead.
The tyrant leech bites you!
You die...

...##....#.
.......... ##.....
........! ##....#
≈≈....... #.....#
≈≈≈...... ##...#..
#≈≈......##.#.....
#≈≈≈#...P#........
##†≈≈#.....#.......
#######≈@≈#
#..........
≈≈≈≈≈≈≈w≈##
##...#.....
≈≈≈≈≈≈≈.##
#.........
P##≈#..##
##.###.... # #.P##
###.# #.... #...#
#P..# ##... #.P##
##P.# ... #..# ##.#
... #.########
#..## ##.


You could see a tyrant leech.

Vanquished Creatures
  Erica (Lair:1)
  A two-headed ogre (D:8)
  A manticore (Lair:2)
  4 torpor snails (Lair:1)
  3 spiny frogs
  A rime drake (Lair:2)
  A komodo dragon (D:9)
  A queen bee (Lair:2)
  Prince Ribbit (D:6)
  Grinder (D:3)
  2 hippogriffs
  3 blink frogs (Lair:2)
  A spriggan (D:9)
  A wraith (D:10)
  17 yaks
  2 wyverns
  Grum (D:10)
  3 basilisks
  A hungry ghost (D:7)
  A swamp worm (Lair:2)
  4 water moccasins
  7 porcupines
  2 orc warriors (D:9)
  Purgy (D:4)
  4 black bears
  A phantom (D:4)
  4 ice beasts
  A necrophage (D:9)
  8 ogres
  3 centaurs
  6 crocodiles
  4 wolves
  An elf zombie (Ossuary)
  A big kobold (D:7)
  Blork the orc (D:4)
  A gnoll sergeant (D:6)
  9 bullfrogs
  20 killer bees (Lair:2)
  8 howler monkeys
  3 crimson imps
  3 centaur zombies
  A bullfrog zombie (D:10)
  Crazy Yiuf (D:4)
  A bullfrog skeleton (D:9)
  A gnoll shaman (D:5)
  5 hounds
  2 iguanas
  4 jellies
  6 orc priests
  3 worker ants
  Natasha (D:4)
  6 orc wizards
  3 big kobold zombies (Ossuary)
  A hound zombie (Ossuary)
  4 mummies (Ossuary)
  2 worker ant zombies
  21 gnolls
  15 adders
  3 shadow imps
  An ooze (D:2)
  A worm (D:3)
  7 leopard geckos
  27 orcs
  6 bats
  3 giant cockroaches
  2 gnoll zombies (Ossuary)
  11 goblins
  5 hobgoblins
  9 jackals
  3 quokkas
  A ball python (D:3)
  7 frilled lizards
  4 jackal zombies (Ossuary)
  9 kobolds
  A leopard gecko skeleton (D:7)
  An orc zombie (Ossuary)
  A quokka zombie (D:6)
  4 rats
  A rat zombie (D:6)
  5 fungi (D:10)
  7 plants
335 creatures vanquished.

Vanquished Creatures (collateral kills)
  A yak (Lair:1)
1 creature vanquished.

Vanquished Creatures (others)
  Pikel (D:6)
  3 slaves (D:6)
  12 fungi (D:10)
  7 plants
23 creatures vanquished.

Grand Total: 359 creatures vanquished

Notes
Turn   | Place    | Note
-------+----------+-------------------------------------------
     0 | D:1      | Pixllover the Minotaur Berserker began the quest for the
                  | Orb.
     0 | D:1      | Reached XP level 1. HP: 19/19 MP: 0/0
   231 | D:1      | Reached XP level 2. HP: 24/27 MP: 1/1
   300 | D:1      | Reached skill level 4 in Axes
   931 | D:2      | Reached XP level 3. HP: 32/33 MP: 2/2
  1114 | D:2      | Reached XP level 4. HP: 32/41 MP: 3/3
  1143 | D:2      | Found a faded altar of an unknown god.
  1247 | D:2      | Reached ** piety under Trog
  1281 | D:2      | Reached skill level 5 in Axes
  1607 | D:2      | Found a radiant altar of Vehumet.
  1620 | D:2      | Found an ornate altar of the Wu Jian Council.
  1821 | D:3      | Reached XP level 5. HP: 38/47 MP: 4/4
  2252 | D:3      | Noticed Grinder
  2286 | D:3      | Killed Grinder
  2286 | D:3      | Reached skill level 5 in Fighting
  2286 | D:3      | Reached skill level 6 in Axes
  2286 | D:3      | Reached XP level 6. HP: 49/56 MP: 5/5
  2357 | D:4      | Reached skill level 7 in Axes
  2428 | D:4      | Reached XP level 7. HP: 47/61 MP: 6/6
  2536 | D:4      | Noticed Blork the orc
  2541 | D:4      | Killed Blork the orc
  2767 | D:4      | Found Qint's Jewellery Shoppe.
  2793 | D:4      | Bought a cursed -3 ring of strength for 28 gold pieces
  2815 | D:4      | Found a runed translucent door.
  2816 | D:4      | Noticed Crazy Yiuf
  2822 | D:4      | Killed Crazy Yiuf
  2822 | D:4      | Reached skill level 5 in Armour
  2908 | D:4      | Noticed Natasha
  2922 | D:4      | Killed Natasha
  2960 | D:4      | Noticed Purgy
  2972 | D:4      | Killed Purgy
  2972 | D:4      | Reached skill level 8 in Axes
  2972 | D:4      | Reached skill level 1 in Stealth
  3112 | D:5      | Entered Level 5 of the Dungeon
  3220 | D:5      | Reached *** piety under Trog
  3349 | D:5      | Found a stormy altar of Qazlal.
  3400 | D:5      | Reached XP level 8. HP: 43/70 MP: 7/7
  3629 | D:5      | Reached skill level 9 in Axes
  4116 | D:6      | Found a sand-covered staircase.
  4125 | Ossuary  | Entered an ossuary
  4502 | D:6      | Reached skill level 10 in Axes
  4537 | D:6      | Reached **** piety under Trog
  4687 | D:6      | Found a staircase to the Ecumenical Temple.
  4698 | D:6      | Noticed Prince Ribbit
  4721 | D:6      | Killed Prince Ribbit
  4721 | D:6      | Reached XP level 9. HP: 78/78 MP: 8/8
  4761 | D:6      | Found Zotits's Distillery.
  4769 | D:6      | Found a basalt altar of Yredelemnul.
  4772 | D:6      | Bought a potion of mutation for 112 gold pieces
  4772 | D:6      | Gained mutation: You are dopey. (Int -2) [potion of
                  | mutation]
  4772 | D:6      | Gained mutation: Your spells are a little easier to cast,
                  | but a little less powerful. [potion of mutation]
  4772 | D:6      | Gained mutation: You can translocate small distances at
                  | will. [potion of mutation]
  4772 | D:6      | Gained mutation: Your flesh is heat resistant. (rF+)
                  | [potion of mutation]
  4773 | D:6      | Lost mutation: You are dopey. (Int -2) [potion of mutation]
  4773 | D:6      | Gained mutation: You expend magic power (3 MP) to
                  | strengthen your wands. [potion of mutation]
  4773 | D:6      | Lost mutation: You expend magic power (3 MP) to strengthen
                  | your wands. [potion of mutation]
  4773 | D:6      | Gained mutation: Your muscles are strong. (Str +2) [potion
                  | of mutation]
  4773 | D:6      | Gained mutation: You are somewhat resistant to further
                  | mutation. [potion of mutation]
  4774 | D:6      | Lost mutation: Your flesh is heat resistant. (rF+) [potion
                  | of mutation]
  4774 | D:6      | Lost mutation: You can translocate small distances at will.
                  | [potion of mutation]
  4778 | D:6      | Noticed Pikel
  4802 | D:6      | Killed Pikel
  5131 | D:7      | Reached skill level 11 in Axes
  6147 | D:7      | Found a hazy altar of Hepliaklqana.
  6204 | D:7      | Reached ***** piety under Trog
  6257 | D:7      | Received a gift from Trog
  6257 | D:7      | Reached skill level 12 in Axes
  6293 | D:7      | Found a deep blue altar of Sif Muna.
  6547 | D:8      | Noticed a two-headed ogre
  6552 | D:8      | Killed a two-headed ogre
  6640 | D:8      | Reached XP level 10. HP: 81/88 MP: 9/9
  6884 | D:8      | Found a sacrificial altar of Ru.
  7426 | D:9      | Reached skill level 13 in Axes
  7569 | D:9      | Found a blossoming altar of Fedhas.
  7861 | D:10     | Entered Level 10 of the Dungeon
  7881 | D:10     | Reached skill level 14 in Axes
  7892 | D:10     | Found a staircase to the Lair.
  7894 | D:10     | Noticed Grum
  7903 | D:10     | Received a gift from Trog
  7905 | D:10     | Reached skill level 10 in Armour
  7942 | D:10     | Reached XP level 11. HP: 55/97 MP: 10/10
  7956 | D:10     | Killed Grum
  8305 | D:10     | Found Kemiad's Food Shop.
  8535 | Lair:1   | Entered Level 1 of the Lair of Beasts
  8645 | Lair:1   | Reached skill level 15 in Axes
  8653 | Lair:1   | Reached skill level 10 in Fighting
  8884 | Lair:1   | Noticed Erica
  8896 | Lair:1   | Killed Erica
  9270 | Lair:1   | Found a snail-covered altar of Cheibriados.
  9410 | Lair:1   | You fall into a shaft and drop 1 floor!
  9496 | Lair:2   | Reached skill level 16 in Axes
  9592 | Lair:1   | You fall into a shaft and drop 1 floor!
 10059 | Lair:2   | Upgraded the game from 0.24-a0-479-g9a978d2894 to
                  | 0.24-a0-504-gcfb02b9d07
 10069 | Lair:2   | Received a gift from Trog
 10075 | Lair:2   | Reached XP level 12. HP: 92/108 MP: 11/11
 10555 | Lair:2   | HP: 8/162 [tyrant leech (10)]
 10557 | Lair:2   | Slain by a tyrant leech

Levels and vault maps discovered:
D:1:      dpeg_arrival_stone_temple_mockup, layout_basic
D:2:      layout_basic, amethyst_overflow_temple_binary,
          chequers_ecumenical_altar_simple_redux
D:3:      layout_rooms, uniq_grinder
D:4:      layout_cave_pools, serial_shops,
          nicolae_shop_competitors_out_of_business, serial_co_window_serial,
          co_window_of_opportunity_a, co_window_corner_a, co_window_paths_a,
          co_window_of_opportunity_a, co_window_paths_a,
          co_window_of_opportunity_a, co_window_paths_b, co_window_corner_a,
          co_window_paths_a, co_window_corner_b, co_window_2corner,
          co_window_corner_b, co_window_corner_b, co_window_corner_b,
          glass_columns_c, glass_columns_b, uniq_purgy, uniq_natasha,
          uniq_crazy_yiuf_cottage, uniq_blork_the_orc
D:5:      layout_loops_cross, nicolae_qazlal_eye_of_the_storm, first_ration
D:6:      layout_cave_pools, nicolae_overflow_crystal_walls,
          minmay_temple_entry_enclosed_plants, enter_ossuary_4, serial_shops,
          shop, uniq_prince_ribbit1, uniq_pikel
D:7:      layout_basic, led_sif_book, kennysheep_mini
D:8:      cheibrodos_elevator_heist, layout_gridville, nicolae_ru_path_of_blood
D:9:      layout_rooms, old_standard_altar, the_bakery
D:10:     layout_rooms, due_lair_maze_entry_diamond, serial_shops,
          nicolae_shop_trees, uniq_grum
Lair:1:   layout_long_grid, kennysheep_snail_temple, grunt_megastairs_2,
          uniq_erica
Lair:2:   regret_index_tunnel_blossom, layout_cave_pods, worms_lemuel,
          serial_bayou_shore_b

Skill      XL: |  1  2  3  4  5  6  7  8  9 10 11 12 |
---------------+-------------------------------------+-----
Axes           | 4 5 6 7 8 10 12 14 16 | 16.6
Fighting       | 4 5 6 8 9 10 | 10.8
Armour         | 3 4 6 7 9 10 11 | 11.8
Dodging        | 3 4 |  4.0
Stealth        | 1 |  1.3
Throwing       | 2 3 |  3.2

Action                   |  1- 3 |  4- 6 |  7- 9 | 10-12 || total
-------------------------+-------+-------+-------+-------++-------
Melee: Hand axe          |    80 |   165 |   358 |       ||   603
       Headbutt          |    13 |    22 |    81 |    69 ||   185
       War axe           |       |       |     5 |   125 ||   130
       Battleaxe         |       |       |       |   261 ||   261
Throw: Dart              |       |       |    22 |     7 ||    29
Invok: Berserk           |       |       |     4 |     4 ||     8
  Use: Scroll            |     1 |       |    12 |     3 ||    16
       Potion            |     2 |       |     4 |     5 ||    11
  Eat: Chunk             |     1 |     4 |    16 |    15 ||    36
       Ration            |       |       |     1 |       ||     1
Armor: Plate armour      |    68 |    80 |   186 |   227 ||   561
       Animal skin       |     1 |       |       |       ||     1
Dodge: Dodged            |    45 |    56 |   169 |   158 ||   428

Table legend:
 A = Non-vault XP
 B = Vault XP
 C = Vault XP percentage of total XP
 D = Non-vault monster count
 E = Vault monster count
 F = Vault count percentage of total count
                 A         B        C        D         E       F
            +---------+---------+-------+---------+---------+-------
      Total |   13356 |   11766 |  46.8 |     238 |      86 |  26.5
            +---------+---------+-------+---------+---------+-------
        D:1 |      27 |       0 |   0.0 |      16 |       0 |   0.0
        D:2 |     112 |       0 |   0.0 |      29 |       0 |   0.0
        D:3 |     150 |     272 |  64.5 |      25 |       1 |   3.8
        D:4 |     267 |     303 |  53.2 |       6 |       4 |  40.0
        D:5 |     674 |       0 |   0.0 |      21 |       0 |   0.0
        D:6 |     596 |     279 |  31.9 |      28 |       3 |   9.7
        D:7 |    1543 |      70 |   4.3 |      39 |       2 |   4.9
        D:8 |    1256 |       0 |   0.0 |       9 |       0 |   0.0
        D:9 |    3154 |     229 |   6.8 |      31 |       1 |   3.1
       D:10 |    1528 |    1858 |  54.9 |      12 |      14 |  53.8
     Lair:1 |    3182 |    4052 |  56.0 |      18 |      12 |  40.0
     Lair:2 |     867 |    4426 |  83.6 |       4 |      33 |  89.2
    Ossuary |       0 |     277 | 100.0 |       0 |      16 | 100.0
            +---------+---------+-------+---------+---------+-------
